 Dungeon Crawl Stone Soup version 0.31-a0-845-g9abc20d24f (webtiles) character file.

Game seed: 6605036913861064804

74 IcyTea the Chiller (level 4, 0/33 HPs)
             Began as a Ghoul Ice Elementalist on Oct 1, 2023.
             Slain by a hound (1 damage)
             ... on level 5 of the Dungeon on Oct 2, 2023.
             The game lasted 00:09:39 (1669 turns).

IcyTea the Chiller (Ghoul Ice Elementalist)         Turns: 1669, Time: 00:09:40

Health: 0/33       AC:  6    Str: 11    XL:     4   Next: 28%
Magic:  0/5        EV: 10    Int: 12    God:
Gold:   128        SH:  0    Dex:  9    Spells: 2/6 levels left

rFire   . . .        d - +0 short sword (freeze)
rCold   + + .        (no shield)
rNeg    + + +        j - +1 ring mail {rC+}
rPois   ∞            (no helmet)
rElec   .            (no cloak)
rCorr   .            (no gloves)
SInv    .            (no boots)
Will    .....        (no amulet)
Stlth   +            i - ring of flight
HPRegen 0.00/turn    (no ring)
MPRegen 0.09/turn

%: no passive effects
@: freezing walls, flying, inhibited regen
A: claws 1, cold resistance 1, negative energy resistance 3, inhibited
regeneration, torment resistance 2, devour on kill
a: no special abilities


You were on level 5 of the Dungeon.
You visited 1 branch of the dungeon, and saw 4 of its levels.

You collected 128 gold pieces.

Inventory:

Hand Weapons
 d - a +0 short sword of freezing (weapon)
 h - a +0 long sword
Armour
 j - a +1 ring mail of cold resistance (worn)
Jewellery
 i - a ring of flight (left claw)
Scrolls
 a - a scroll of blinking {unknown}
 c - a scroll of identify
 f - a scroll of teleportation
 g - a scroll of fear
Potions
 b - 3 potions of magic


   Skills:
 - Level 1.7 Dodging
 - Level 2.1 Stealth
 + Level 1.7 Spellcasting
 - Level 6.2 Ice Magic


You had 2 spell levels left.
You knew the following spells:

 Your Spells              Type           Power      Damage    Failure   Level
a - Freeze                Ice            64%        1d7       5%          1
b - Frozen Ramparts       Ice            32%        1d5       16%         3

Your spell library contained the following spells:

 Spells                   Type           Power      Damage    Failure   Level
 Ozocubu's Armour         Ice            16%        N/A       16%         3
 Summon Ice Beast         Ice/Summ       8%         N/A       88%         4
 Gell's Gravitas          Tloc           1%         N/A       90%         3
 Inner Flame              Hex/Fire       1%         N/A       90%         3
 Teleport Other           Tloc           1%         N/A       90%         3
 Manifold Assault         Tloc           1%         N/A       100%        4
 Yara's Violent Unravell  Hex/Tmut       0%         3d3       100%        5
 Dispersal                Tloc           0%         N/A       100%        6
 Enfeeble                 Hex            0%         N/A       100%        7
 Disjunction              Tloc           0%         N/A       100%        8


Dungeon Overview and Level Annotations

Branches:
Dungeon (3/15)

Altars:


Innate Abilities, Weirdness & Mutations

You are immune to poison.
You have sharp fingernails.
Your flesh is cold resistant. (rC+)
You are immune to negative energy. (rN+++)
You do not regenerate when monsters are visible.
You are immune to unholy pain and torment.
You thrive by killing the living.


Message History

The hound moves out of view.
The hound bites you but does no damage.
Casting: Freeze (safe; 5% risk of failure)
Confirm with . or Enter, or press ? or * to list all spells.
Aiming: Freeze (safe; 5% risk of failure)
Press: ? - help, Shift-Dir - straight line, f - hound
Aim: a hound You freeze the hound.
The hound is lightly wounded.
The hound bites you.
Casting: Freeze (safe; 5% risk of failure)
Confirm with . or Enter, or press ? or * to list all spells.
Aiming: Freeze (safe; 5% risk of failure)
Press: ? - help, Shift-Dir - straight line, f/p - hound
Aim: a hound (lightly wounded)
You freeze the hound.
The hound is moderately wounded.
The hound closely misses you. The hound bites you.
Casting: Freeze (safe; 5% risk of failure)
Confirm with . or Enter, or press ? or * to list all spells.
Casting: Frozen Ramparts (quite dangerous; 16% risk of failure)
Press: ? - help, Dir - look around, f - activate The walls around you are covered in ice.
The wall freezes the hound.
The hound bites you.
You miss the hound.
The hound is heavily wounded.
The wall freezes the hound.
The hound closely misses you.
The wall freezes the hound.
The hound bites you.
The wall freezes the ogre.
You hit the hound but do no damage.
The hound is severely wounded.
The wall freezes the hound.
The hound bites you.
The ogre hits you with a +0 giant spiked club!!
Ouch! That really hurt!
* * * LOW HITPOINT WARNING * * *
Unknown command.
You closely miss the hound.
The hound is almost dead.
The wall freezes the hound but does no damage.
The hound bites you.
You die...

## ### ##.. ..#
#...# #.#
.....##.#
.8.8..#.########
...............#
.....8O........#
..<...h@.......#
......#........#
.....##........#
.#######........(#
.................#
.................#
.................#
##################


You could see an ogre and a hound.

Vanquished Creatures
  An adder (D:2)
  3 worms (D:2)
  2 dart slugs
  6 ball pythons
  4 endoplasms (D:1)
  A giant cockroach (D:1)
  3 goblins
  6 hobgoblins
  7 jackals
  A quokka (D:1)
  6 bats
  A frilled lizard (D:2)
  3 kobolds
  3 rats (D:1)
47 creatures vanquished.

Notes
Turn   | Place    | Note
-------+----------+-------------------------------------------
     0 | D:1      | IcyTea the Ghoul Ice Elementalist began the quest for the
                  | Orb.
     0 | D:1      | Reached XP level 1. HP: 14/14 MP: 2/2
   166 | D:1      | Reached XP level 2. HP: 20/20 MP: 0/3
   194 | D:1      | Reached skill level 5 in Ice Magic
   682 | D:1      | Reached XP level 3. HP: 19/26 MP: 2/4
   719 | D:1      | Learned a level 3 spell: Frozen Ramparts
  1376 | D:2      | Reached skill level 6 in Ice Magic
  1410 | D:2      | Reached XP level 4. HP: 33/33 MP: 1/5
  1653 | D:3      | You are sucked into a shaft and drop 2 floors!
  1653 | D:5      | Entered Level 5 of the Dungeon
  1662 | D:5      | Noticed an ogre
  1668 | D:5      | HP: 1/33 [ogre/+0 giant spiked club (22)]
  1669 | D:5      | Slain by a hound

Illustrated notes

Levels and vault maps discovered:
D:1:      psy_arrival_fountain, layout_loops_ring
D:2:      layout_basic, minmay_pentomino_w2
D:3:      layout_rooms, uniq_ijyb, uniq_sigmund, uniq_robin, uniq_jessica
D:5:      layout_gridville, cheibrodos_ashenzari_chains,
          hangedman_decor_clover_reticule, grunt_ministairs_9, uniq_menkaure,
          uniq_prince_ribbit1

Skill      XL: |  1  2  3 |
---------------+----------+-----
Ice Magic      | 5 6 |  6.2
Dodging        | |  1.7
Stealth        | |  2.1
Spellcasting   | |  1.7

Action                     |  1- 3 |  4- 6 || total
---------------------------+-------+-------++-------
  Melee: Club              |    32 |       ||    32
         Short sword       |    53 |    15 ||    68
         Punch             |     1 |       ||     1
   Cast: Freeze            |    25 |     6 ||    31
         Frozen Ramparts   |     7 |     2 ||     9
    Use: Scroll            |     2 |     3 ||     5
   Stab: Sleeping          |     3 |       ||     3
         Distracted        |     1 |       ||     1
 Armour: Robe              |    67 |       ||    67
         Ring mail         |     2 |    19 ||    21
  Dodge: Dodged            |   100 |    11 ||   111

Table legend: (Time is in decaauts)
 A = Elapsed time spent in this place.
 B = Non-inter-level travel time spent in this place.
 C = Inter-level travel time spent in this place.
 D = Time resting spent in this place.
 E = Time spent auto-exploring this place.
 F = Levels seen in this place.
 G = Mean time per level.
                   A        B        C        D        E       F      G
               +--------+--------+--------+--------+--------+-----+--------+
         Total |   1676 |   1662 |     14 |    517 |    500 |   4 |  419.0 |
       Dungeon |   1676 |   1662 |     14 |    517 |    500 |   4 |  419.0 |
               +--------+--------+--------+--------+--------+-----+--------+

Top non-repeatable levels by time:
     D:1: 1065 daAuts
     D:2: 587 daAuts
     D:5: 15 daAuts
     D:3: 7 daAuts
